 Dungeon Crawl Stone Soup version 0.29.1-15-g9cfb28693d (webtiles) character file.

Game seed: 16980063271599618272

262 Peloso the Covered (level 5, -2/47 HPs)
             Began as a Minotaur Fighter on Apr 28, 2023.
             Was an Initiate of Okawaru.
             Succumbed to Sigmund's poison
             ... on level 2 of the Dungeon.
             The game lasted 00:04:42 (2827 turns).

Peloso the Covered (Minotaur Fighter)               Turns: 2827, Time: 00:04:43

Health: -2/47      AC:  7    Str: 20    XL:     5   Next: 97%
Magic:  4/4        EV: 10    Int:  5    God:    Okawaru [......]
Gold:   128        SH:  5    Dex: 12    Spells: 4/4 levels left

rFire   . . .      SeeInvis .   a - +0 long sword
rCold   . . .      Faith    .   c - +0 buckler
rNeg    . . .      Spirit   .   b - +0 scale mail
rPois   .          Reflect  .   (helmet restricted)
rElec   .          Harm     .   (no cloak)
rCorr   .          Rampage  .   (no gloves)
Will    .....                   (no boots)
Stlth   ..........              (no amulet)
HPRegen 0.15/turn               (no ring)
MPRegen 0.09/turn               (no ring)

@: lethally poisoned (-2 -> -28)
A: horns 2, retaliatory headbutt
a: Renounce Religion


You were on level 2 of the Dungeon.
You worshipped Okawaru.
Okawaru was noncommittal.
You visited 2 branches of the dungeon, and saw 5 of its levels.

You collected 128 gold pieces.

Inventory:

Hand Weapons
 a - a +0 long sword (weapon)
Armour
 b - a +0 scale mail (worn)
 c - a +0 buckler (worn)
Jewellery
 n - an amulet of magic regeneration
Wands
 f - a wand of flame (20)
Scrolls
 g - a scroll of immolation {unknown}
 h - 6 scrolls of identify {unknown}
 i - 2 scrolls of magic mapping {unknown}
 k - a scroll of fear {unknown}
 m - a scroll of teleportation {unknown}
Potions
 d - 2 potions of might
 e - a potion of resistance
 j - a potion of heal wounds {unknown}
 l - 2 potions of mutation {unknown}


   Skills:
 + Level 4.4 Fighting
 + Level 4.8 Long Blades
 + Level 5.1 Armour
 + Level 2.0 Dodging
 + Level 4.5 Shields


You had 4 spell levels left.
You didn't know any spells.
Your spell library contained the following spells:

 Spells                   Type           Power      Damage    Failure   Level
 Sandblast                Erth           0%         2d4       88%         1
 Passwall                 Tmut/Erth      0%         N/A       96%         2
 Sublimation of Blood     Necr           0%         N/A       96%         2
 Wereblood                Tmut           0%         N/A       96%         2
 Stone Arrow              Conj/Erth      0%         3d7       99%         3
 Summon Hydra             Summ           Unusable   N/A       N/A         7

Dungeon Overview and Level Annotations

Branches:
Dungeon (4/15)             Temple (1/1) D:4

Altars:
Ashenzari
Cheibriados
Dithmenos
Elyvilon
Fedhas
Gozag
Hepliaklqana
Kikubaaqudgha
Makhleb
Nemelex Xobeh
Okawaru
Qazlal
Ru
Trog
Uskayaw
Xom
Yredelemnul
Zin
The Shining One

Shops:
D:1 (

Annotations:
D:2 Sigmund


Innate Abilities, Weirdness & Mutations

You have a pair of horns on your head.
You reflexively headbutt those who attack you in melee.


Message History

You block the ball python's attack. The ball python barely misses you.
You closely miss the ball python.
The ball python bites you but does no damage.
The ball python grabs you. The ball python constricts you.
The ball python's grasp on you weakens, but your attempt to escape fails.
The ball python bites you but does no damage.
The ball python constricts you. Something hits you but does no damage.
You are poisoned.
The ball python bites you but does no damage.
The ball python constricts you.
You escape the ball python's grasp.
You feel sick.
You feel sick.
You feel sick.
The ball python attacks as you move away!
You block the ball python's attack. The ball python misses you.
You feel sick.
You feel sick.
You are no longer poisoned.
You barely miss the ball python.
The ball python bites you but does no damage.
The ball python barely misses you.
The ball python bites you but does no damage.
The ball python grabs you. The ball python constricts you.
You slash the ball python!
You kill the ball python!
Okawaru accepts your kill.
You hear some strange, mumbled words.
A puff of flame appears from out of thin air!
The puff of flame hits you. Something hits you!
You are poisoned.
You closely miss something.
You feel very sick. Something hits you.
You closely miss something.
You feel very sick. Something hits you!
* * * LOW HITPOINT WARNING * * *
You are more poisoned.
You barely miss something.
You die...

..... #..... ..... #.<...
#. .# # ... #..(.. #. .#
#.... # ###### .###.
#?#.##.# #...# #..{...#
... #.# #.#########.#
########.##..@{....#
#...........#####..?.....
...###..#..# #..######
#.##..... #.##
#.###.##.##.# #.###.#
##.# #..##.. ..# ##.#####
... ###.###


There were no monsters in sight!

Vanquished Creatures
  A scorpion (D:4)
  2 hounds (D:4)
  An orc wizard (D:4)
  3 adders (D:4)
  An ufetubus (D:4)
  3 dart slugs
  6 orcs
  7 ball pythons
  2 bats
  5 endoplasms
  2 giant cockroaches
  8 goblins
  7 hobgoblins
  8 jackals (D:1)
  6 kobolds
  A quokka (D:3)
  3 frilled lizards (D:1)
  5 rats
71 creatures vanquished.

Notes
Turn   | Place    | Note
-------+----------+-------------------------------------------
     0 | D:1      | Peloso the Minotaur Fighter began the quest for the Orb.
     0 | D:1      | Reached XP level 1. HP: 19/19 MP: 0/0
    60 | D:1      | Reached XP level 2. HP: 20/27 MP: 1/1
   217 | D:1      | Found Gixze's Weapon Shop.
   292 | D:1      | Reached skill level 4 in Armour
   455 | D:1      | Reached XP level 3. HP: 15/33 MP: 2/2
  1102 | D:2      | Noticed Sigmund
  1180 | D:2      | You fall into a shaft and drop 2 floors!
  1195 | D:4      | Reached skill level 1 in Dodging
  1227 | D:4      | Reached XP level 4. HP: 14/40 MP: 3/3
  1524 | D:4      | Reached XP level 5. HP: 46/46 MP: 4/4
  1785 | D:4      | Reached skill level 5 in Armour
  2146 | D:4      | Found a staircase to the Ecumenical Temple.
  2284 | Temple   | Entered the Ecumenical Temple
  2284 | Temple   | Found a transporter.
  2284 | Temple   | Found a transporter.
  2286 | Temple   | Found a transporter.
  2286 | Temple   | Found a transporter.
  2317 | Temple   | Became a worshipper of Warmaster Okawaru
  2827 | D:2      | Succumbed to Sigmund's poison

Illustrated notes

Levels and vault maps discovered:
D:1:      evilmike_arrival_plus, layout_basic, serial_shops, shop,
          minmay_domino_4
D:2:      layout_loops_cross, ebering_ecumenical_altar_abandoned, uniq_sigmund
D:3:      layout_rooms
D:4:      layout_gridville, minmay_temple_entry_poolview, reono_crystal_passage,
          chequers_serial_rivers_large_a
Temple:   hellmonk_temple_divided_pantheon

Skill      XL: |  1  2  3  4  5 |
---------------+----------------+-----
Shields        | 4 |  4.5
Armour         | 4 5 |  5.1
Long Blades    | 3 4 |  4.8
Fighting       | 4 |  4.4
Dodging        | 1 2 |  2.0

Action                   |  1- 3 |  4- 6 || total
-------------------------+-------+-------++-------
Melee: Long sword        |   109 |    87 ||   196
       Headbutt          |     8 |    10 ||    18
  Use: Potion            |     2 |       ||     2
       Scroll            |     1 |       ||     1
Armor: Scale mail        |    89 |    57 ||   146
Dodge: Dodged            |    82 |    45 ||   127
Block: Buckler           |    35 |    29 ||    64
